 Dungeon Crawl Stone Soup version 0.27-a0-25-g087482e4d5 (webtiles) character file.

Game seed: 9824843936801827817

7 DocSulfur the Sneak (level 2, 0/15 HPs)
             Began as a Kobold Enchanter on Jan 2, 2021.
             Slain by a frilled lizard (1 damage)
             ... on level 1 of the Dungeon.
             The game lasted 00:02:41 (198 turns).

DocSulfur the Sneak (Kobold Enchanter)               Turns: 198, Time: 00:02:42

Health: 0/15       AC:  2    Str:  5    XL:     2   Next: 10%
Magic:  4/5        EV: 15    Int: 16    God:
Gold:   27         SH:  0    Dex: 15    Spells: 2/5 levels left

rFire    . . .     SeeInvis .   a - +1 dagger
rCold    . . .     Faith    .   (shield restricted)
rNeg     . . .     Spirit   .   b - +0 robe
rPois    .         Reflect  .   (no helmet)
rElec    .         Harm     .   (no cloak)
rCorr    .         Rampage  .   (no gloves)
Will     .....                  (no boots)
Stlth    ++++......             (no amulet)
HPRegen  0.05/turn              (no ring)
MPRegen  0.09/turn              (no ring)

@: no status effects
A: small, nightstalker 3
a: no special abilities


You were on level 1 of the Dungeon.
You visited 1 branch of the dungeon, and saw 1 of its levels.

You collected 27 gold pieces.

Inventory:

Hand Weapons
 a - a +1 dagger (weapon)
Armour
 b - a +0 robe (worn)
Scrolls
 c - a scroll of remove curse {unknown}


   Skills:
 - Level 1.3 Short Blades
 - Level 2.4 Dodging
 - Level 4.0 Stealth
 + Level 2.2 Spellcasting
 + Level 0.3 Conjurations
 * Level 3.1 Hexes
 * Level 0.8 Ice Magic


You had 2 spell levels left.
You knew the following spells:

 Your Spells              Type           Power        Failure   Level
a - Corona                Hex            13%          5%          1
b - Ensorcelled Hibernat  Hex/Ice        16%          13%         2

Your spell library contained the following spells:

 Spells                   Type           Power        Failure   Level
 Confusing Touch          Hex            12%          16%         3
 Tukima's Dance           Hex            12%          16%         3
 Dazzling Flash           Conj/Hex       14%          30%         3


Dungeon Overview and Level Annotations

Branches:
Dungeon (1/15)

Altars:


Innate Abilities, Weirdness & Mutations

You are small and have problems with some larger weapons.
You are completely attuned to the shadows.


Message History

You hit the hobgoblin.
You kill the hobgoblin!
Magic restored.
A hobgoblin comes into view.
You see here a rat corpse.
Found a scroll labelled NIHARIRCHOCKI.
You see here a hand axe.
A frilled lizard comes into view.
The frilled lizard hisses angrily.
The frilled lizard closely misses you.
Casting: Corona (safe; 5% risk of failure)
Confirm with . or Enter, or press ? or * to list all spells.
Aiming: Corona (safe; 5% risk of failure)
Press: ? - help, Shift-Dir - straight line, f - frilled lizard
Aim: a frilled lizard (chance to affect: 66%)
The frilled lizard is outlined in light.
The frilled lizard bites you.
* * * LOW HITPOINT WARNING * * *
You closely miss the frilled lizard. The frilled lizard bites you.
You die...

#...........#
#.#
#.#########.#
#.## #.# #.#
#..### #.#
#.#####...#
#)###
#.........#
....#
#######g..#
#.#.####
#####).##
....(...
.......#
###.####
####@..#
....# #l....
##### #.?####
# #..# ##
#..# .# .# .#
##


You could see a hobgoblin (wandering) and a frilled lizard (corona).

Vanquished Creatures
  A dart slug (D:1)
  A goblin (D:1)
  A hobgoblin (D:1)
  A bat (D:1)
  A kobold (D:1)
  A rat (D:1)
6 creatures vanquished.

Notes
Turn   | Place    | Note
-------+----------+-------------------------------------------
     0 | D:1      | DocSulfur the Kobold Enchanter began the quest for the Orb.
     0 | D:1      | Reached XP level 1. HP: 10/10 MP: 3/3
   122 | D:1      | Reached XP level 2. HP: 15/15 MP: 5/5
   125 | D:1      | Learned a level 2 spell: Ensorcelled Hibernation
   198 | D:1      | Slain by a frilled lizard

Illustrated notes

Levels and vault maps discovered:
D:1:      erik_arrival_orb_chamber, layout_loops_ring, skrybe_limestone_x

Action                   || total
-------------------------++-------
Melee: Dagger            ||    17
 Cast: Corona            ||     3
 Stab: Sleeping          ||     4
Armor: Robe              ||     3
Dodge: Dodged            ||     4

Table legend: (Time is in decaauts)
 A = Elapsed time spent in this place.
 B = Non-inter-level travel time spent in this place.
 C = Inter-level travel time spent in this place.
 D = Time resting spent in this place.
 E = Time spent auto-exploring this place.
 F = Levels seen in this place.
 G = Mean time per level.
                   A        B        C        D        E       F      G
               +--------+--------+--------+--------+--------+-----+--------+
         Total |    197 |    197 |      0 |      0 |     33 |   1 |  197.0 |
       Dungeon |    197 |    197 |      0 |      0 |     33 |   1 |  197.0 |
               +--------+--------+--------+--------+--------+-----+--------+

Top non-repeatable levels by time:
     D:1: 197 daAuts
